 Dungeon Crawl Stone Soup version 0.29-a0-219-g0a02b1cf4f (webtiles) character file.

Game seed: 4087052383162058993

94 jlumianski the Sneak (level 4, 0/35 HPs)
             Began as a Demonspawn Delver on Feb 26, 2022.
             Slain by a quokka (1 damage)
             ... on level 3 of the Dungeon.
             The game lasted 00:12:53 (3024 turns).

jlumianski the Sneak (Demonspawn Delver)            Turns: 3024, Time: 00:12:55

Health: 0/35       AC:  0    Str: 14    XL:     4   Next: 38%
Magic:  4/4        EV: 13    Int: 12    God:
Gold:   137        SH:  0    Dex: 14    Spells: 0/3 levels left

rFire   . . .      SeeInvis .   a - +0 hand axe
rCold   . . .      Faith    .   (no shield)
rNeg    . . .      Spirit   .   d - +0 ring mail
rPois   .          Reflect  .   i - +2 hat
rElec   .          Harm     .   (no cloak)
rCorr   .          Rampage  .   (no gloves)
Will    .....                   (no boots)
Stlth   ++........              (no amulet)
HPRegen 0.11/turn               (no ring)
MPRegen 0.09/turn               (no ring)

@: corroded
A: repulsion field 1, demonic guardian 2
a: no special abilities


You were on level 3 of the Dungeon.
You visited 1 branch of the dungeon, and saw 5 of its levels.

You collected 137 gold pieces.

Inventory:

Hand Weapons
 a - a +0 hand axe (weapon)
 e - a +0 spear
Missiles
 n - 55 stones (quivered)
Armour
 b - a +0 leather armour
 d - a +0 ring mail (worn)
 i - a +2 hat (worn)
 m - a +0 kite shield
 o - a +0 scale mail
 q - a +0 chain mail
Wands
 g - a wand of digging (1)
Scrolls
 c - a scroll of fog
 f - a scroll of acquirement {unknown}
 h - a scroll of teleportation {unknown}
 k - a scroll of blinking {unknown}
 l - a scroll of noise {unknown}
 p - 2 scrolls of identify {unknown}
Potions
 j - a potion of flight


   Skills:
 + Level 3.2 Fighting
 + Level 2.4 Axes
 + Level 1.0 Armour
 + Level 2.0 Dodging
 + Level 5.4 Stealth


You couldn't memorise any spells.
You knew the following spells:

 Your Spells              Type           Power      Damage    Failure   Level
a - Frozen Ramparts       Ice            0%         1d2       90%         3

Your spell library contained the following spells:

 Spells                   Type           Power      Damage    Failure   Level
 Apportation              Tloc           0%         N/A       56%         1
 Ice Form                 Ice/Tmut       0%         N/A       100%        4
 Summon Ice Beast         Ice/Summ       0%         N/A       100%        4
 Alistair's Intoxication  Tmut/Pois      0%         N/A       100%        5


Dungeon Overview and Level Annotations

Branches:
Dungeon (5/15)
 Temple: D:4-7

Altars:

Annotations:
D:2 Sigmund
D:3 Robin


Innate Abilities, Weirdness & Mutations

You are surrounded by a mild repulsion field. (EV +2)
A demonic guardian rushes to your aid.


Message History

You kill the hobgoblin!
You hit the orc. The orc hits you but does no damage.
A goblin comes into view. It is wielding a +0 dagger.
You hit the orc.
You kill the orc!
The goblin hits you but does no damage.
You slash the goblin!
You kill the goblin!
You see here a +0 dagger.
You see here a +0 dagger.
A goblin is nearby!
You hit the goblin.
You kill the goblin!
Things that are here:
a +0 dagger; a goblin corpse The jelly quivers.
You barely miss the jelly. The jelly closely misses you.
You hit the jelly.
Your hands burn!
The jelly is lightly wounded.
The jelly closely misses you.
You slash the jelly!
Your hands burn!
The jelly is heavily wounded.
You hit the quokka. The quokka completely misses you.
The jelly hits you but does no damage. The quokka closely misses you.
The jelly barely misses you.
You hit the jelly. The acid corrodes you!
Your hands burn!
The jelly is almost dead.
You closely miss the quokka. The quokka bites you.
The jelly closely misses you.
You hit the jelly but do no damage.
Your hands burn!
The jelly is almost dead.
You closely miss the quokka. The quokka barely misses you.
The jelly hits you but does no damage.
You hit the jelly. The acid corrodes you!
Your hands burn!
The jelly is almost dead.
You closely miss the quokka. The quokka barely misses you. The jelly hits you.
The acid corrodes you!
You are splashed with acid!
* * * LOW HITPOINT WARNING * * *
A demonic guardian appears!
The quokka bites you.
You die...

### ###### #.########.##.##
#........)...).# ***
#.############.# ,,####.#......#
#)# *,#.........#.# #.#
,,#.......#.#.#####.#
,,##......#....4....# ####***
,....#.###..###r@#### #..,,,#
,###.#.....##(##J# #.###.#
,,*#.......#...#B## ####.....#
,,*.........###...######<....#*##
*,*.#...#..#...#.......#####g#...
,,*,#,#.#<.##.##.......# #.#.#,
***,*,,,#...#.#........#####...#.
,,,,,,,,.....#...................
,**,,,,.....###........####......


You could see a jelly, a quokka (ally target), a giant cockroach and a friendly
orange demon (summoned).

Vanquished Creatures
  An iguana (D:4)
  2 adders (D:2)
  2 dart slugs
  An orc (D:3)
  5 goblins
  2 hobgoblins
  A quokka (D:1)
  2 ball pythons
  7 bats
  2 frilled lizards
  2 kobolds (D:2)
  2 rats (D:2)
29 creatures vanquished.

Vanquished Creatures (collateral kills)
  An adder (D:2)
  A worm (D:2)
  A kobold (D:3)
  A quokka (D:2)
4 creatures vanquished.

Grand Total: 33 creatures vanquished

Notes
Turn   | Place    | Note
-------+----------+-------------------------------------------
     0 | D:5      | jlumianski the Demonspawn Delver began the quest for the
                  | Orb.
     0 | D:5      | Reached XP level 1. HP: 18/18 MP: 1/1
     8 | D:4      | Noticed an iguana
    35 | D:4      | Killed an iguana
    36 | D:4      | Reached skill level 5 in Stealth
    36 | D:4      | Gained mutation: A weak demonic guardian rushes to your
                  | aid. [demonic ancestry]
    36 | D:4      | Reached XP level 2. HP: 4/24 MP: 2/2
   349 | D:3      | Noticed Robin
   353 | D:3      | Gained mutation: A demonic guardian rushes to your aid.
                  | [demonic ancestry]
   353 | D:3      | Reached XP level 3. HP: 26/29 MP: 3/3
   891 | D:2      | Noticed Sigmund
  1005 | D:1      | Found a faded altar of an unknown god.
  2409 | D:2      | Gained mutation: You are surrounded by a mild repulsion
                  | field. (EV +2) [demonic ancestry]
  2409 | D:2      | Reached XP level 4. HP: 26/35 MP: 4/4
  2684 | D:2      | Reached skill level 1 in Armour
  2705 | D:2      | Learned a level 3 spell: Frozen Ramparts
  3024 | D:3      | HP: 1/35 [acid (10)]
  3024 | D:3      | Slain by a quokka

Illustrated notes

Levels and vault maps discovered:
D:1:      elethiomel_arrival_infinity_welcomes_careful_drivers,
          layout_loops_ring, shapermc_ecumenical_altar_notcrosses
D:2:      layout_basic, uniq_sigmund
D:3:      layout_basic, grunt_gozag_statues, minmay_ruptured, uniq_robin,
          uniq_ijyb
D:4:      layout_basic, uniq_blork_the_orc, uniq_edmund
D:5:      layout_basic, zin_angel, uniq_eustachio

Skill      XL: |  1  2  3  4 |
---------------+-------------+-----
Stealth        | 5 |  5.4
Axes           | 2 |  2.4
Dodging        | 2 |  2.0
Armour         | 1 |  1.0
Fighting       | |  3.2

Action                   |  1- 3 |  4- 6 || total
-------------------------+-------+-------++-------
Melee: Hand axe          |    96 |    22 ||   118
Evoke: Wand              |     2 |       ||     2
  Use: Scroll            |     2 |       ||     2
       Potion            |     1 |     1 ||     2
 Stab: Sleeping          |     2 |     2 ||     4
Armor: Leather armour    |     5 |       ||     5
       Ring mail         |    31 |     9 ||    40
Dodge: Dodged            |    70 |    19 ||    89

Table legend: (Time is in decaauts)
 A = Elapsed time spent in this place.
 B = Non-inter-level travel time spent in this place.
 C = Inter-level travel time spent in this place.
 D = Time resting spent in this place.
 E = Time spent auto-exploring this place.
 F = Levels seen in this place.
 G = Mean time per level.
                   A        B        C        D        E       F      G
               +--------+--------+--------+--------+--------+-----+--------+
         Total |   3034 |   3004 |     30 |    793 |   1257 |   5 |  606.8 |
       Dungeon |   3034 |   3004 |     30 |    793 |   1257 |   5 |  606.8 |
               +--------+--------+--------+--------+--------+-----+--------+

Top non-repeatable levels by time:
     D:2: 1819 daAuts
     D:1: 759 daAuts
     D:4: 334 daAuts
     D:3: 116 daAuts
     D:5: 5 daAuts
